General information
			
			
        
        - name: BNet
 
        - type: Ladder team game (AT/RT)
 
        - host: Battle.net
 
        - saver: SANTACLAUSPLUS6
 
        
map: FullScaleAssault 
        - players: 8
 
        - length: 46:22
 
        - speed: Fast
 - version: 1.22 W3XP
 - replay type:  Public
 
» download(295 KB)
Players
        team 1 (winner) 
              
              
sloper (
teal | 32 APM | 590 actions | 18:41)
              
 1 Tauren Chieftain 
 1 Endurance Aura
 
                » actions 
                
                | Build / train | 41 |  | 
| Enter build submenu | 16 |  | 
| Enter hero's abilities submenu | 1 |  | 
| Right click | 345 |  | 
| Select / deselect | 164 |  | 
| Use ability | 23 |  | 
                590 total
 » units 
                
                | Peon | 10 |  | 
| Demolisher | 11 |  | 
| Tauren | 3 |  | 
| Shaman | 2 |  | 
                26 total
 » upgrades
                
                | Melee Weapons | 2 |  | 
| Armor | 2 |  | 
| Shaman Training | 2 |  | 
| Burning Oil | 1 |  | 
| Ranged Weapons | 3 |  | 
| Pulverize | 1 |  | 
                11 total
 » buildings
                
                | Orc Burrow | 8 |  | 
| War Mill | 1 |  | 
| Altar of Storms | 1 |  | 
| Voodoo Lounge | 1 |  | 
| Stronghold | 1 |  | 
| Barracks | 1 |  | 
| Fortress | 1 |  | 
| Spirit Lodge | 1 |  | 
| Tauren Totem | 1 |  | 
                16 total
 » build order
                00:24 Orc Burrow
00:37 War Mill
01:00 Altar of Storms
01:23 Voodoo Lounge
01:47 Orc Burrow
03:10 Stronghold
03:14 Orc Burrow
04:12 Orc Burrow
04:20 Barracks
04:23 Orc Burrow
05:08 Orc Burrow
05:36 Fortress
06:05 Spirit Lodge
07:59 Tauren Totem
13:35 Orc Burrow
16:24 Orc Burrow
 
               
              
              
SANTACLAUSPLUS6 (
purple | 75 APM | 3488 actions | 46:22)
              
 6 Mountain King 
 3 Storm Bolt
 2 Bash
 1 Avatar
 4 Paladin 
 2 Holy Light
 2 Divine Shield
 
                » actions 
                
                | Assign group hotkey | 9 |  | 
| Basic commands | 13 |  | 
| Build / train | 147 |  | 
| Enter build submenu | 66 |  | 
| Enter hero's abilities submenu | 10 |  | 
| Give item / drop item | 6 |  | 
| Remove unit from queue | 3 |  | 
| Right click | 1950 |  | 
| Select / deselect | 565 |  | 
| Select group hotkey | 448 |  | 
| Use ability | 270 |  | 
                3488 total
 » units 
                
                | Peasant | 24 |  | 
| Goblin Zeppelin | 6 |  | 
| Dragonhawk Rider | 9 |  | 
| Goblin Shredder | 1 |  | 
                40 total
 » upgrades
                
                | Masonry | 3 |  | 
| Lumber Harvesting | 1 |  | 
| Magic Sentry | 1 |  | 
| Swords | 1 |  | 
| Armor | 1 |  | 
| Animal War Training | 1 |  | 
                8 total
 » buildings
                
                | Farm | 10 |  | 
| Lumber Mill | 2 |  | 
| Scout Tower | 88 |  | 
| Altar of Kings | 1 |  | 
| Arcane Tower | 3 |  | 
| Guard Tower | 53 |  | 
| Arcane Vault | 1 |  | 
| Town Hall | 3 |  | 
| Keep | 2 |  | 
| Gryphon Aviary | 2 |  | 
| Arcane Sanctum | 1 |  | 
| Castle | 1 |  | 
| Blacksmith | 1 |  | 
| Barracks | 1 |  | 
                169 total
 » build order
                00:09 Farm
00:12 Lumber Mill
02:22 Scout Tower
02:23 Scout Tower
02:24 Scout Tower
02:25 Scout Tower
02:26 Scout Tower
02:35 Farm
02:45 Altar of Kings
02:55 Arcane Tower
02:56 Guard Tower
02:57 Guard Tower
03:04 Guard Tower
03:05 Guard Tower
03:26 Guard Tower
03:27 Guard Tower
03:40 Scout Tower
04:14 Scout Tower
04:15 Guard Tower
04:23 Scout Tower
04:42 Scout Tower
04:43 Scout Tower
04:44 Scout Tower
04:44 Guard Tower
04:45 Guard Tower
04:52 Guard Tower
04:55 Scout Tower
04:59 Scout Tower
05:12 Guard Tower
05:14 Scout Tower
05:15 Scout Tower
05:16 Scout Tower
05:45 Guard Tower
05:58 Guard Tower
05:59 Guard Tower
06:04 Scout Tower
06:06 Scout Tower
06:07 Scout Tower
06:08 Scout Tower
06:09 Scout Tower
06:37 Guard Tower
06:40 Scout Tower
06:41 Scout Tower
06:42 Scout Tower
06:47 Scout Tower
06:52 Scout Tower
06:53 Scout Tower
06:56 Guard Tower
07:29 Guard Tower
07:30 Guard Tower
07:31 Arcane Tower
07:31 Guard Tower
07:32 Guard Tower
07:41 Scout Tower
07:43 Scout Tower
07:44 Scout Tower
07:50 Scout Tower
07:50 Scout Tower
07:51 Scout Tower
07:53 Guard Tower
07:59 Guard Tower
08:08 Guard Tower
08:12 Scout Tower
08:13 Guard Tower
08:20 Guard Tower
08:20 Guard Tower
08:20 Guard Tower
09:27 Guard Tower
09:47 Arcane Vault
10:00 Scout Tower
11:01 Town Hall
11:12 Guard Tower
11:16 Scout Tower
11:18 Scout Tower
11:35 Scout Tower
11:36 Scout Tower
11:37 Scout Tower
11:37 Scout Tower
11:39 Scout Tower
11:40 Scout Tower
11:41 Scout Tower
11:43 Scout Tower
11:49 Scout Tower
11:50 Scout Tower
11:51 Scout Tower
11:52 Scout Tower
11:56 Scout Tower
12:02 Scout Tower
12:03 Scout Tower
12:04 Scout Tower
12:06 Scout Tower
12:07 Scout Tower
12:07 Guard Tower
12:29 Guard Tower
12:34 Guard Tower
13:32 Guard Tower
13:32 Guard Tower
13:33 Guard Tower
13:34 Guard Tower
13:52 Scout Tower
13:55 Scout Tower
13:56 Scout Tower
13:58 Scout Tower
14:43 Guard Tower
14:47 Guard Tower
14:57 Keep
15:12 Guard Tower
15:25 Scout Tower
15:27 Scout Tower
15:28 Scout Tower
15:29 Scout Tower
15:30 Scout Tower
15:31 Scout Tower
15:33 Scout Tower
15:33 Scout Tower
15:35 Scout Tower
15:45 Scout Tower
15:48 Scout Tower
15:51 Scout Tower
15:54 Scout Tower
15:55 Scout Tower
16:00 Scout Tower
16:01 Scout Tower
16:07 Scout Tower
16:09 Scout Tower
16:12 Scout Tower
16:13 Scout Tower
16:15 Guard Tower
16:19 Guard Tower
16:31 Scout Tower
16:33 Scout Tower
16:34 Scout Tower
16:36 Scout Tower
16:38 Scout Tower
16:38 Scout Tower
16:39 Scout Tower
16:42 Scout Tower
16:43 Scout Tower
16:52 Guard Tower
17:01 Guard Tower
17:14 Guard Tower
17:14 Guard Tower
18:18 Guard Tower
18:22 Farm
18:24 Farm
18:25 Farm
18:27 Farm
19:11 Gryphon Aviary
20:03 Gryphon Aviary
20:28 Lumber Mill
24:02 Guard Tower
24:11 Farm
25:40 Arcane Sanctum
26:35 Castle
28:26 Guard Tower
28:32 Town Hall
29:14 Blacksmith
29:16 Barracks
30:28 Farm
30:29 Farm
30:30 Farm
37:35 Town Hall
38:39 Guard Tower
» items
                
                | Boots of Speed | 2 |  | 
| Staff of Teleportation | 2 |  | 
| Scroll of Regeneration | 2 |  | 
| Lesser Clarity Potion | 9 |  | 
| Scroll of Town Portal | 2 |  | 
| Orb of Lightning | 2 |  | 
| Potion of Healing | 2 |  | 
| Potion of Mana | 1 |  | 
| Staff of Sanctuary | 1 |  | 
                23 total
  
               
              
              
1HORSEOPENSLEIG (
orange | 70 APM | 3228 actions | 46:20)
              
 10 Blademaster 
 3 Wind Walk
 3 Critical Strike
 1 Bladestorm
 3 Mirror Image
 
                » actions 
                
                | Assign group hotkey | 251 |  | 
| Basic commands | 28 |  | 
| Build / train | 87 |  | 
| ESC pressed | 9 |  | 
| Enter build submenu | 80 |  | 
| Enter hero's abilities submenu | 10 |  | 
| Give item / drop item | 8 |  | 
| Remove unit from queue | 5 |  | 
| Right click | 1805 |  | 
| Select / deselect | 492 |  | 
| Select group hotkey | 109 |  | 
| Use ability | 343 |  | 
                3228 total
 » units 
                
                | Peon | 23 |  | 
| Troll Batrider | 26 |  | 
| Goblin Zeppelin | 1 |  | 
                50 total
 » upgrades
                
                | Spiked Barricades | 3 |  | 
| Reinforced Defenses | 1 |  | 
| Armor | 1 |  | 
| Liquid Fire | 1 |  | 
                6 total
 » buildings
                
                | Altar of Storms | 2 |  | 
| Orc Burrow | 3 |  | 
| War Mill | 1 |  | 
| Watch Tower | 68 |  | 
| Voodoo Lounge | 2 |  | 
| Stronghold | 3 |  | 
| Fortress | 1 |  | 
| Beastiary | 6 |  | 
| Great Hall | 3 |  | 
                89 total
 » build order
                00:02 Altar of Storms
00:09 Orc Burrow
00:43 War Mill
02:16 Watch Tower
02:30 Watch Tower
03:03 Voodoo Lounge
03:13 Orc Burrow
03:28 Watch Tower
03:31 Watch Tower
03:59 Watch Tower
04:21 Stronghold
04:21 Stronghold
04:32 Watch Tower
04:46 Watch Tower
04:51 Watch Tower
05:52 Watch Tower
05:54 Watch Tower
06:43 Fortress
06:45 Orc Burrow
06:55 Watch Tower
06:58 Watch Tower
07:15 Watch Tower
07:16 Watch Tower
08:08 Beastiary
08:11 Beastiary
08:21 Watch Tower
08:23 Watch Tower
08:29 Watch Tower
09:03 Great Hall
09:58 Beastiary
10:01 Watch Tower
11:27 Watch Tower
11:28 Watch Tower
13:34 Watch Tower
13:35 Watch Tower
15:57 Watch Tower
15:58 Watch Tower
15:58 Watch Tower
16:39 Watch Tower
16:40 Watch Tower
16:51 Watch Tower
17:56 Watch Tower
17:57 Watch Tower
19:10 Watch Tower
19:11 Watch Tower
19:12 Watch Tower
19:14 Watch Tower
20:04 Watch Tower
20:05 Watch Tower
20:06 Watch Tower
24:02 Watch Tower
24:07 Altar of Storms
24:12 Watch Tower
24:12 Watch Tower
24:13 Watch Tower
24:14 Watch Tower
24:29 Great Hall
24:40 Beastiary
27:55 Voodoo Lounge
28:28 Watch Tower
28:28 Watch Tower
28:29 Watch Tower
28:30 Watch Tower
30:46 Beastiary
31:06 Watch Tower
31:07 Watch Tower
31:07 Watch Tower
31:08 Watch Tower
31:09 Watch Tower
31:10 Watch Tower
32:46 Watch Tower
32:47 Watch Tower
32:47 Watch Tower
32:47 Watch Tower
32:48 Watch Tower
32:49 Watch Tower
32:49 Watch Tower
32:50 Watch Tower
34:28 Beastiary
36:54 Great Hall
36:56 Watch Tower
36:57 Watch Tower
36:58 Watch Tower
36:58 Watch Tower
37:00 Watch Tower
37:00 Watch Tower
37:00 Watch Tower
» items
                
                | Staff of Teleportation | 1 |  | 
| Orb of Lightning | 1 |  | 
| Healing Salve | 1 |  | 
| Scroll of Town Portal | 2 |  | 
| Lesser Clarity Potion | 2 |  | 
                7 total
  
               
              
              
» 
heavyweight_45 (
blue | 31 APM | 1445 actions | 46:21)
              
 5 Archmage 
 2 Blizzard
 3 Brilliance Aura
 
                » actions 
                
                | Assign group hotkey | 7 |  | 
| Basic commands | 75 |  | 
| Build / train | 99 |  | 
| Enter build submenu | 34 |  | 
| Enter hero's abilities submenu | 5 |  | 
| Right click | 533 |  | 
| Select / deselect | 452 |  | 
| Select group hotkey | 165 |  | 
| Use ability | 75 |  | 
                1445 total
 » units 
                
                | Peasant | 17 |  | 
| Footman | 13 |  | 
| Knight | 12 |  | 
| Siege Engine | 15 |  | 
                57 total
 » upgrades
                
                | Masonry | 3 |  | 
| Defend | 1 |  | 
| Plating | 3 |  | 
| Swords | 3 |  | 
| Animal War Training | 1 |  | 
| Lumber Harvesting | 2 |  | 
| Gunpowder | 3 |  | 
| Barrage | 1 |  | 
                17 total
 » buildings
                
                | Farm | 11 |  | 
| Altar of Kings | 2 |  | 
| Blacksmith | 1 |  | 
| Scout Tower | 9 |  | 
| Barracks | 2 |  | 
| Lumber Mill | 1 |  | 
| Arcane Vault | 1 |  | 
| Guard Tower | 5 |  | 
| Keep | 1 |  | 
| Castle | 1 |  | 
| Town Hall | 3 |  | 
| Workshop | 3 |  | 
                40 total
 » build order
                00:23 Farm
00:40 Altar of Kings
01:02 Blacksmith
01:12 Farm
02:00 Scout Tower
02:05 Farm
02:30 Barracks
03:02 Scout Tower
03:04 Farm
03:11 Lumber Mill
03:42 Barracks
04:01 Arcane Vault
04:08 Farm
04:43 Guard Tower
05:15 Farm
07:03 Keep
07:40 Scout Tower
08:06 Scout Tower
08:13 Guard Tower
08:18 Scout Tower
09:13 Scout Tower
09:17 Scout Tower
09:29 Castle
11:39 Guard Tower
11:41 Scout Tower
11:44 Scout Tower
13:42 Town Hall
14:39 Guard Tower
15:50 Guard Tower
20:19 Farm
21:03 Workshop
23:20 Workshop
24:16 Workshop
24:40 Farm
24:43 Farm
24:47 Farm
24:50 Farm
37:50 Town Hall
41:12 Town Hall
43:23 Altar of Kings
» items
                
                | Lesser Clarity Potion | 2 |  | 
| Scroll of Regeneration | 7 |  | 
| Potion of Healing | 1 |  | 
| Orb of Fire | 1 |  | 
| Scroll of Town Portal | 1 |  | 
                12 total
  
               team 2 (loser) 
              
              
AngryGauch0Man (
green | 19 APM | 756 actions | 39:01)
              
 5 Crypt Lord 
 3 Carrion Beetles
 2 Spiked Carapace
 
                » actions 
                
                | Assign group hotkey | 7 |  | 
| Build / train | 45 |  | 
| Enter build submenu | 14 |  | 
| Enter hero's abilities submenu | 5 |  | 
| Give item / drop item | 5 |  | 
| Remove unit from queue | 1 |  | 
| Right click | 356 |  | 
| Select / deselect | 278 |  | 
| Select group hotkey | 7 |  | 
| Use ability | 38 |  | 
                756 total
 » units 
                
                | Acolyte | 2 |  | 
| Ghoul | 11 |  | 
| Frost Wyrm | 12 |  | 
| Goblin Zeppelin | 1 |  | 
| Blue Dragon | 1 |  | 
                27 total
 » upgrades
                
                | Creature Attack | 3 |  | 
| Creature Carapace | 1 |  | 
| Freezing Breath | 1 |  | 
                5 total
 » buildings
                
                | Graveyard | 2 |  | 
| Altar of Darkness | 1 |  | 
| Ziggurat | 9 |  | 
| Crypt | 2 |  | 
| Tomb of Relics | 1 |  | 
| Halls of the Dead | 1 |  | 
| Black Citadel | 1 |  | 
| Sacrificial Pit | 1 |  | 
| Boneyard | 2 |  | 
| Spirit Tower | 1 |  | 
| Nerubian Tower | 2 |  | 
                23 total
 » build order
                00:27 Graveyard
00:37 Altar of Darkness
00:45 Ziggurat
01:06 Crypt
01:16 Tomb of Relics
01:21 Ziggurat
02:18 Crypt
03:12 Ziggurat
04:43 Halls of the Dead
05:05 Graveyard
07:05 Black Citadel
07:50 Sacrificial Pit
07:58 Ziggurat
08:33 Ziggurat
08:35 Ziggurat
08:36 Ziggurat
08:38 Ziggurat
08:40 Ziggurat
09:47 Boneyard
09:53 Boneyard
10:59 Spirit Tower
11:01 Nerubian Tower
11:03 Nerubian Tower
» items
                
                | Potion of Lesser Invulnerability | 1 |  | 
| Periapt of Vitality | 1 |  | 
                2 total
  
               
              
              
» 
dunhills (
yellow | 29 APM | 1147 actions | 39:28)
              
 4 Crypt Lord 
 2 Impale
 1 Spiked Carapace
 1 Carrion Beetles
 
                » actions 
                
                | Build / train | 61 |  | 
| Enter build submenu | 25 |  | 
| Enter hero's abilities submenu | 4 |  | 
| Remove unit from queue | 1 |  | 
| Right click | 591 |  | 
| Select / deselect | 436 |  | 
| Use ability | 29 |  | 
                1147 total
 » units 
                
                | Acolyte | 16 |  | 
| Ghoul | 13 |  | 
| Frost Wyrm | 17 |  | 
                46 total
 » upgrades
                
                | Creature Attack | 3 |  | 
| Creature Carapace | 3 |  | 
| Freezing Breath | 1 |  | 
                7 total
 » buildings
                
                | Graveyard | 2 |  | 
| Crypt | 2 |  | 
| Ziggurat | 12 |  | 
| Altar of Darkness | 1 |  | 
| Halls of the Dead | 1 |  | 
| Black Citadel | 1 |  | 
| Sacrificial Pit | 1 |  | 
| Boneyard | 3 |  | 
                23 total
 » build order
                00:11 Graveyard
00:15 Crypt
00:20 Ziggurat
00:40 Altar of Darkness
01:23 Crypt
01:30 Ziggurat
04:09 Halls of the Dead
04:29 Graveyard
04:52 Ziggurat
05:53 Ziggurat
06:05 Ziggurat
06:40 Black Citadel
08:21 Ziggurat
08:26 Ziggurat
08:28 Ziggurat
10:27 Sacrificial Pit
11:15 Boneyard
11:16 Boneyard
11:19 Boneyard
11:23 Ziggurat
12:48 Ziggurat
25:28 Ziggurat
25:32 Ziggurat
 
               
              
              
Yule (
pink | 68 APM | 3130 actions | 46:19)
              
 3 Archmage 
 2 Blizzard
 1 Brilliance Aura
 3 Blood Mage 
 2 Flame Strike
 1 Siphon Mana
 
                » actions 
                
                | Assign group hotkey | 375 |  | 
| Basic commands | 10 |  | 
| Build / train | 315 |  | 
| Enter build submenu | 122 |  | 
| Enter hero's abilities submenu | 6 |  | 
| Give item / drop item | 2 |  | 
| Remove unit from queue | 3 |  | 
| Right click | 1090 |  | 
| Select / deselect | 862 |  | 
| Select group hotkey | 68 |  | 
| Use ability | 274 |  | 
                3130 total
 » units 
                » upgrades
                
                | Masonry | 3 |  | 
| Lumber Harvesting | 2 |  | 
                5 total
 » buildings
                
                | Altar of Kings | 2 |  | 
| Farm | 5 |  | 
| Lumber Mill | 2 |  | 
| Scout Tower | 180 |  | 
| Guard Tower | 204 |  | 
| Arcane Vault | 1 |  | 
| Town Hall | 2 |  | 
| Keep | 2 |  | 
| Castle | 2 |  | 
| Blacksmith | 1 |  | 
| Workshop | 2 |  | 
| Cannon Tower | 29 |  | 
| Gryphon Aviary | 5 |  | 
                437 total
 » build order
                00:03 Altar of Kings
00:18 Farm
00:49 Lumber Mill
01:43 Scout Tower
01:43 Scout Tower
02:14 Guard Tower
02:14 Guard Tower
02:14 Guard Tower
02:17 Scout Tower
02:17 Scout Tower
02:20 Scout Tower
02:30 Farm
02:36 Scout Tower
02:41 Scout Tower
03:00 Guard Tower
03:01 Guard Tower
03:13 Guard Tower
03:29 Guard Tower
03:29 Guard Tower
03:33 Scout Tower
03:38 Guard Tower
03:38 Guard Tower
03:38 Guard Tower
03:53 Scout Tower
03:56 Scout Tower
04:00 Guard Tower
04:00 Guard Tower
04:08 Scout Tower
04:20 Guard Tower
04:21 Scout Tower
04:26 Scout Tower
04:34 Guard Tower
04:34 Guard Tower
04:36 Scout Tower
04:40 Guard Tower
04:41 Guard Tower
04:42 Scout Tower
04:56 Farm
04:59 Guard Tower
04:59 Guard Tower
05:01 Scout Tower
05:05 Scout Tower
05:06 Guard Tower
05:06 Guard Tower
05:07 Guard Tower
05:08 Scout Tower
05:14 Scout Tower
05:20 Guard Tower
05:53 Guard Tower
05:53 Guard Tower
05:53 Guard Tower
05:56 Scout Tower
05:58 Guard Tower
05:58 Guard Tower
06:10 Guard Tower
06:10 Guard Tower
06:10 Guard Tower
06:20 Guard Tower
06:21 Guard Tower
06:31 Guard Tower
06:31 Guard Tower
06:38 Arcane Vault
07:26 Town Hall
09:24 Scout Tower
09:26 Scout Tower
09:27 Scout Tower
09:41 Scout Tower
09:42 Scout Tower
09:43 Scout Tower
09:46 Scout Tower
09:48 Scout Tower
09:49 Scout Tower
09:50 Scout Tower
09:52 Keep
09:52 Keep
09:55 Scout Tower
09:56 Scout Tower
09:56 Guard Tower
09:56 Guard Tower
09:58 Scout Tower
09:59 Scout Tower
09:59 Scout Tower
10:01 Scout Tower
10:02 Scout Tower
10:04 Scout Tower
10:05 Scout Tower
10:05 Scout Tower
10:06 Scout Tower
10:21 Guard Tower
10:21 Guard Tower
10:21 Guard Tower
10:22 Guard Tower
11:34 Guard Tower
11:35 Guard Tower
11:46 Scout Tower
11:48 Scout Tower
12:11 Scout Tower
12:12 Scout Tower
12:13 Guard Tower
12:13 Guard Tower
12:14 Guard Tower
12:14 Guard Tower
12:14 Guard Tower
12:15 Guard Tower
12:29 Altar of Kings
12:45 Scout Tower
12:46 Guard Tower
12:46 Guard Tower
12:48 Scout Tower
12:49 Scout Tower
12:51 Scout Tower
12:52 Scout Tower
13:12 Guard Tower
13:14 Guard Tower
13:14 Guard Tower
13:14 Guard Tower
13:17 Scout Tower
13:18 Scout Tower
13:18 Scout Tower
13:20 Scout Tower
13:20 Scout Tower
13:39 Scout Tower
13:40 Scout Tower
13:41 Scout Tower
13:42 Scout Tower
13:50 Guard Tower
13:50 Guard Tower
13:51 Guard Tower
13:54 Castle
13:58 Guard Tower
13:59 Guard Tower
13:59 Guard Tower
14:59 Farm
15:11 Blacksmith
15:15 Guard Tower
15:15 Guard Tower
15:15 Guard Tower
15:16 Guard Tower
15:16 Guard Tower
15:17 Scout Tower
15:18 Scout Tower
15:37 Farm
16:06 Guard Tower
16:08 Scout Tower
16:08 Scout Tower
16:09 Scout Tower
16:22 Scout Tower
16:22 Scout Tower
16:38 Guard Tower
16:38 Guard Tower
16:48 Guard Tower
16:48 Guard Tower
16:48 Guard Tower
17:06 Workshop
17:07 Workshop
17:15 Scout Tower
17:16 Scout Tower
17:24 Guard Tower
17:24 Guard Tower
17:25 Guard Tower
17:46 Scout Tower
17:46 Scout Tower
18:10 Guard Tower
18:24 Guard Tower
18:24 Guard Tower
18:24 Guard Tower
18:26 Scout Tower
18:26 Scout Tower
18:27 Scout Tower
18:28 Scout Tower
18:48 Scout Tower
18:49 Scout Tower
18:49 Scout Tower
18:50 Scout Tower
18:51 Scout Tower
18:52 Scout Tower
18:52 Scout Tower
18:54 Scout Tower
18:55 Guard Tower
18:55 Guard Tower
19:18 Guard Tower
19:18 Guard Tower
19:19 Guard Tower
19:19 Guard Tower
19:21 Guard Tower
19:22 Guard Tower
19:24 Guard Tower
19:24 Guard Tower
19:29 Scout Tower
19:30 Scout Tower
19:32 Scout Tower
19:32 Scout Tower
19:33 Scout Tower
19:34 Scout Tower
19:35 Scout Tower
19:37 Scout Tower
19:39 Scout Tower
19:40 Scout Tower
19:46 Guard Tower
19:46 Guard Tower
19:46 Guard Tower
20:14 Guard Tower
20:15 Guard Tower
20:15 Guard Tower
20:27 Guard Tower
20:27 Guard Tower
20:44 Guard Tower
20:56 Guard Tower
20:57 Guard Tower
20:57 Guard Tower
20:59 Scout Tower
20:59 Scout Tower
21:00 Scout Tower
21:00 Scout Tower
21:01 Scout Tower
21:01 Scout Tower
21:24 Guard Tower
21:25 Guard Tower
21:27 Scout Tower
21:29 Scout Tower
21:29 Scout Tower
21:29 Scout Tower
21:31 Scout Tower
21:32 Scout Tower
21:54 Guard Tower
22:00 Town Hall
22:02 Guard Tower
22:03 Guard Tower
22:03 Guard Tower
22:03 Guard Tower
22:03 Guard Tower
22:08 Guard Tower
22:08 Guard Tower
22:09 Guard Tower
22:09 Guard Tower
22:10 Guard Tower
22:10 Guard Tower
22:11 Guard Tower
22:30 Guard Tower
22:49 Scout Tower
22:51 Scout Tower
22:51 Scout Tower
22:52 Scout Tower
23:20 Guard Tower
23:22 Guard Tower
23:22 Guard Tower
23:26 Scout Tower
23:27 Scout Tower
23:28 Scout Tower
23:29 Scout Tower
23:29 Scout Tower
23:57 Guard Tower
23:57 Guard Tower
24:00 Scout Tower
24:01 Scout Tower
24:02 Scout Tower
24:03 Scout Tower
24:03 Scout Tower
24:04 Scout Tower
24:06 Scout Tower
24:52 Guard Tower
24:52 Guard Tower
24:53 Guard Tower
24:54 Guard Tower
25:00 Scout Tower
25:01 Scout Tower
25:02 Scout Tower
25:03 Scout Tower
25:03 Scout Tower
25:04 Scout Tower
25:21 Guard Tower
25:29 Guard Tower
25:30 Guard Tower
25:30 Guard Tower
25:33 Scout Tower
25:34 Scout Tower
25:35 Scout Tower
26:31 Guard Tower
27:40 Guard Tower
27:41 Guard Tower
27:42 Scout Tower
27:43 Scout Tower
27:44 Scout Tower
27:45 Scout Tower
27:47 Scout Tower
27:48 Scout Tower
27:49 Scout Tower
28:44 Guard Tower
28:44 Guard Tower
29:03 Scout Tower
29:03 Scout Tower
29:04 Scout Tower
29:04 Scout Tower
29:05 Scout Tower
29:06 Scout Tower
29:06 Scout Tower
29:12 Guard Tower
29:12 Guard Tower
29:38 Guard Tower
30:06 Guard Tower
30:06 Guard Tower
30:09 Scout Tower
30:09 Scout Tower
30:10 Scout Tower
30:11 Scout Tower
30:12 Scout Tower
30:12 Scout Tower
30:48 Guard Tower
30:49 Guard Tower
31:03 Guard Tower
31:03 Guard Tower
31:16 Scout Tower
31:19 Scout Tower
31:20 Scout Tower
31:21 Scout Tower
31:22 Scout Tower
31:23 Scout Tower
31:27 Cannon Tower
31:27 Cannon Tower
31:29 Guard Tower
31:31 Scout Tower
31:34 Scout Tower
31:36 Scout Tower
31:37 Scout Tower
31:39 Scout Tower
31:40 Scout Tower
31:44 Scout Tower
31:44 Scout Tower
32:44 Cannon Tower
32:45 Cannon Tower
32:52 Cannon Tower
32:52 Cannon Tower
33:10 Cannon Tower
33:17 Scout Tower
33:19 Scout Tower
33:20 Scout Tower
33:23 Cannon Tower
34:13 Cannon Tower
34:27 Cannon Tower
34:27 Cannon Tower
34:38 Scout Tower
34:40 Scout Tower
34:43 Scout Tower
34:46 Scout Tower
34:48 Scout Tower
34:52 Scout Tower
35:10 Cannon Tower
35:10 Cannon Tower
35:14 Cannon Tower
35:14 Cannon Tower
35:15 Cannon Tower
35:20 Cannon Tower
35:20 Cannon Tower
35:30 Scout Tower
35:32 Scout Tower
35:33 Scout Tower
35:34 Scout Tower
35:42 Scout Tower
35:43 Scout Tower
35:45 Scout Tower
36:19 Cannon Tower
36:27 Scout Tower
36:49 Cannon Tower
36:53 Lumber Mill
36:58 Cannon Tower
37:04 Cannon Tower
46:03 Gryphon Aviary
46:03 Gryphon Aviary
46:04 Gryphon Aviary
46:05 Gryphon Aviary
46:11 Gryphon Aviary
» items
                
                | Scroll of Regeneration | 4 |  | 
| Staff of Teleportation | 1 |  | 
| Boots of Speed | 1 |  | 
| Lesser Clarity Potion | 1 |  | 
| Scroll of Town Portal | 1 |  | 
| Potion of Healing | 2 |  | 
| Staff of Sanctuary | 1 |  | 
                11 total
  
               
              
              
JingleBalls8llD (
red | 59 APM | 2709 actions | 46:15)
              
 6 Mountain King 
 3 Storm Bolt
 2 Bash
 1 Avatar
 
                » actions 
                
                | Assign group hotkey | 1 |  | 
| Basic commands | 30 |  | 
| Build / train | 159 |  | 
| ESC pressed | 21 |  | 
| Enter build submenu | 146 |  | 
| Enter hero's abilities submenu | 6 |  | 
| Give item / drop item | 2 |  | 
| Right click | 1211 |  | 
| Select / deselect | 482 |  | 
| Select group hotkey | 220 |  | 
| Use ability | 431 |  | 
                2709 total
 » units 
                » upgrades
                
                | Masonry | 3 |  | 
| Lumber Harvesting | 2 |  | 
| Magic Sentry | 1 |  | 
| Sorceress Training | 1 |  | 
| Priest Training | 1 |  | 
                8 total
 » buildings
                
                | Lumber Mill | 2 |  | 
| Farm | 3 |  | 
| Scout Tower | 271 |  | 
| Altar of Kings | 1 |  | 
| Arcane Tower | 3 |  | 
| Guard Tower | 78 |  | 
| Keep | 2 |  | 
| Town Hall | 3 |  | 
| Castle | 3 |  | 
| Arcane Sanctum | 1 |  | 
| Arcane Vault | 1 |  | 
| Blacksmith | 1 |  | 
| Workshop | 1 |  | 
| Cannon Tower | 3 |  | 
                373 total
 » build order
                00:32 Lumber Mill
00:36 Farm
01:51 Scout Tower
01:52 Scout Tower
01:54 Scout Tower
02:19 Altar of Kings
02:21 Farm
02:23 Arcane Tower
02:25 Guard Tower
02:27 Scout Tower
02:33 Scout Tower
03:01 Guard Tower
03:06 Scout Tower
03:06 Scout Tower
03:32 Scout Tower
03:33 Scout Tower
03:33 Scout Tower
03:51 Farm
04:05 Guard Tower
04:13 Lumber Mill
04:17 Scout Tower
04:18 Scout Tower
04:19 Scout Tower
04:21 Scout Tower
04:50 Scout Tower
04:51 Scout Tower
04:53 Scout Tower
04:54 Scout Tower
04:55 Scout Tower
04:57 Guard Tower
05:03 Scout Tower
05:04 Scout Tower
05:05 Scout Tower
05:23 Guard Tower
05:30 Guard Tower
05:47 Guard Tower
05:55 Guard Tower
06:07 Guard Tower
06:14 Guard Tower
06:15 Guard Tower
07:11 Guard Tower
07:15 Scout Tower
07:26 Scout Tower
07:27 Scout Tower
07:28 Scout Tower
07:29 Scout Tower
07:34 Keep
07:47 Guard Tower
08:06 Guard Tower
08:35 Town Hall
08:45 Scout Tower
08:46 Scout Tower
08:46 Scout Tower
08:47 Scout Tower
08:49 Scout Tower
08:49 Scout Tower
08:50 Scout Tower
08:51 Scout Tower
08:52 Scout Tower
08:53 Scout Tower
08:58 Scout Tower
09:00 Scout Tower
09:01 Scout Tower
09:02 Scout Tower
09:03 Scout Tower
09:04 Scout Tower
09:17 Guard Tower
09:40 Guard Tower
09:43 Guard Tower
10:44 Guard Tower
11:21 Scout Tower
11:22 Scout Tower
11:23 Scout Tower
11:23 Scout Tower
11:24 Scout Tower
11:24 Scout Tower
12:04 Scout Tower
12:05 Scout Tower
12:06 Scout Tower
12:07 Scout Tower
12:08 Scout Tower
12:08 Scout Tower
12:09 Scout Tower
12:13 Guard Tower
12:41 Guard Tower
13:10 Guard Tower
13:14 Scout Tower
13:14 Scout Tower
13:17 Scout Tower
13:18 Scout Tower
13:19 Scout Tower
13:19 Scout Tower
13:28 Scout Tower
13:28 Scout Tower
13:49 Castle
13:55 Guard Tower
14:02 Arcane Sanctum
14:05 Guard Tower
14:08 Arcane Vault
14:14 Guard Tower
14:28 Scout Tower
14:30 Scout Tower
14:32 Scout Tower
14:33 Scout Tower
14:41 Guard Tower
15:25 Scout Tower
15:28 Guard Tower
15:32 Guard Tower
15:55 Scout Tower
15:56 Scout Tower
15:59 Scout Tower
16:00 Scout Tower
16:06 Scout Tower
16:08 Scout Tower
16:30 Guard Tower
16:34 Guard Tower
16:36 Scout Tower
16:36 Scout Tower
16:37 Scout Tower
16:40 Scout Tower
16:40 Scout Tower
16:46 Scout Tower
16:48 Scout Tower
16:48 Scout Tower
16:49 Scout Tower
16:51 Scout Tower
16:52 Scout Tower
16:53 Scout Tower
16:54 Scout Tower
17:01 Arcane Tower
17:06 Scout Tower
17:08 Scout Tower
17:09 Scout Tower
17:10 Scout Tower
17:13 Guard Tower
17:15 Guard Tower
17:52 Scout Tower
17:53 Scout Tower
19:03 Guard Tower
19:08 Scout Tower
19:09 Scout Tower
19:10 Scout Tower
19:11 Scout Tower
19:13 Scout Tower
19:13 Scout Tower
19:15 Guard Tower
19:19 Scout Tower
19:20 Scout Tower
19:22 Scout Tower
19:49 Guard Tower
19:51 Arcane Tower
20:26 Guard Tower
20:42 Town Hall
20:46 Guard Tower
20:50 Scout Tower
20:51 Scout Tower
20:52 Scout Tower
20:53 Scout Tower
20:54 Scout Tower
20:57 Scout Tower
20:58 Scout Tower
20:58 Scout Tower
20:59 Scout Tower
21:01 Scout Tower
21:01 Scout Tower
21:02 Scout Tower
21:36 Guard Tower
21:38 Guard Tower
22:07 Guard Tower
23:29 Town Hall
23:35 Guard Tower
23:40 Scout Tower
23:40 Scout Tower
23:41 Scout Tower
23:43 Scout Tower
23:43 Scout Tower
23:47 Scout Tower
23:48 Scout Tower
23:49 Scout Tower
24:28 Scout Tower
24:28 Scout Tower
24:29 Scout Tower
24:30 Scout Tower
24:31 Scout Tower
24:34 Guard Tower
24:44 Scout Tower
24:45 Scout Tower
24:46 Scout Tower
24:47 Scout Tower
24:48 Scout Tower
24:50 Scout Tower
24:52 Scout Tower
24:52 Scout Tower
24:55 Scout Tower
24:56 Scout Tower
24:57 Scout Tower
24:58 Guard Tower
25:57 Scout Tower
25:58 Scout Tower
26:01 Scout Tower
26:01 Scout Tower
26:45 Guard Tower
26:49 Scout Tower
26:50 Scout Tower
26:52 Scout Tower
26:54 Scout Tower
26:54 Scout Tower
26:56 Scout Tower
26:59 Guard Tower
27:02 Guard Tower
27:06 Scout Tower
27:07 Scout Tower
27:08 Scout Tower
27:09 Scout Tower
27:11 Scout Tower
27:12 Scout Tower
27:13 Scout Tower
28:19 Guard Tower
28:27 Scout Tower
28:28 Scout Tower
28:28 Scout Tower
28:29 Scout Tower
28:30 Scout Tower
28:30 Scout Tower
28:32 Scout Tower
28:33 Scout Tower
28:34 Scout Tower
28:34 Scout Tower
28:35 Scout Tower
28:35 Scout Tower
28:38 Scout Tower
28:41 Scout Tower
28:44 Guard Tower
28:49 Guard Tower
29:42 Guard Tower
29:45 Scout Tower
29:46 Scout Tower
29:47 Scout Tower
29:47 Scout Tower
29:48 Scout Tower
29:49 Scout Tower
29:49 Scout Tower
29:50 Scout Tower
29:52 Scout Tower
29:53 Scout Tower
29:54 Scout Tower
29:54 Scout Tower
29:55 Scout Tower
29:56 Scout Tower
29:57 Scout Tower
29:58 Scout Tower
29:58 Scout Tower
29:59 Scout Tower
30:00 Scout Tower
30:00 Scout Tower
30:04 Guard Tower
30:34 Guard Tower
30:37 Scout Tower
30:38 Scout Tower
30:40 Scout Tower
30:50 Blacksmith
31:12 Keep
31:23 Guard Tower
32:19 Workshop
32:25 Guard Tower
32:28 Scout Tower
32:32 Scout Tower
32:32 Scout Tower
32:35 Scout Tower
32:36 Scout Tower
32:37 Scout Tower
32:38 Scout Tower
32:38 Scout Tower
33:31 Scout Tower
33:32 Scout Tower
33:33 Scout Tower
33:34 Scout Tower
33:34 Scout Tower
33:35 Scout Tower
33:36 Scout Tower
33:37 Scout Tower
34:17 Castle
34:17 Castle
34:42 Guard Tower
34:44 Guard Tower
34:49 Scout Tower
34:50 Scout Tower
34:51 Scout Tower
34:55 Scout Tower
34:55 Scout Tower
34:56 Scout Tower
35:03 Guard Tower
35:10 Cannon Tower
35:15 Guard Tower
35:31 Scout Tower
35:33 Scout Tower
35:33 Scout Tower
35:34 Scout Tower
35:38 Scout Tower
35:39 Scout Tower
35:40 Scout Tower
35:52 Guard Tower
35:56 Guard Tower
36:00 Guard Tower
36:01 Scout Tower
36:02 Scout Tower
36:03 Scout Tower
36:03 Scout Tower
36:04 Scout Tower
36:05 Scout Tower
36:05 Scout Tower
36:06 Scout Tower
36:22 Guard Tower
36:24 Cannon Tower
36:26 Guard Tower
37:59 Guard Tower
38:02 Scout Tower
38:03 Scout Tower
38:04 Scout Tower
38:05 Scout Tower
38:22 Cannon Tower
38:23 Guard Tower
38:25 Scout Tower
38:39 Guard Tower
38:43 Guard Tower
38:48 Scout Tower
38:48 Scout Tower
38:49 Scout Tower
38:50 Scout Tower
38:52 Scout Tower
38:53 Scout Tower
38:55 Scout Tower
38:56 Scout Tower
38:57 Scout Tower
39:04 Guard Tower
39:21 Guard Tower
39:23 Scout Tower
39:24 Scout Tower
39:25 Scout Tower
39:39 Guard Tower
39:42 Scout Tower
39:43 Scout Tower
39:44 Scout Tower
39:48 Scout Tower
39:49 Scout Tower
39:50 Scout Tower
39:51 Scout Tower
39:52 Scout Tower
40:26 Guard Tower
40:30 Guard Tower
40:44 Guard Tower
41:01 Guard Tower
41:04 Guard Tower
41:18 Guard Tower
41:30 Scout Tower
41:32 Scout Tower
41:34 Scout Tower
41:39 Scout Tower
41:43 Scout Tower
41:47 Scout Tower
41:52 Scout Tower
41:56 Scout Tower
42:01 Scout Tower
42:04 Scout Tower
42:10 Scout Tower
42:12 Scout Tower
42:16 Scout Tower
42:24 Scout Tower
42:26 Scout Tower
42:35 Guard Tower
42:56 Guard Tower
43:14 Guard Tower
» items
                
                | Boots of Speed | 1 |  | 
| Staff of Teleportation | 2 |  | 
| Lesser Clarity Potion | 2 |  | 
| Scroll of Regeneration | 2 |  | 
| Potion of Mana | 3 |  | 
| Potion of Healing | 6 |  | 
| Scroll of Town Portal | 1 |  | 
| Orb of Corruption | 1 |  | 
                18 total
  
                Chat log
          (00:15 / Allies) 1HORSEOPENSLEIG: hi all
(00:21 / Allies) 1HORSEOPENSLEIG: hmm.. noo never seen be4
(00:23 / Allies) SANTACLAUSPLUS6: nah
(00:34 / Allies) heavyweight_45: oh.. similar theme names lol
(00:39 / Allies) 1HORSEOPENSLEIG: guess it just the chirstmas season LOL
(00:43 / Allies) heavyweight_45: hahaha
(00:49 / Allies) SANTACLAUSPLUS6: i plan on doing delayed advance tower placementation
(01:03 / Allies) heavyweight_45: errr
(01:07 / Allies) heavyweight_45: I'm going rifles to gryphs
(01:13 / Allies) SANTACLAUSPLUS6: i got morts later
(01:15 / Allies) 1HORSEOPENSLEIG: let's do a creep... n conquer strategy
(01:16 / Allies) SANTACLAUSPLUS6: morts & tanks
(01:18 / Allies) 1HORSEOPENSLEIG: C 'n' C
(01:32 / Allies) heavyweight_45: ya.. cc.. well, creep and counter
(01:35 / Allies) heavyweight_45: but conquer sounds cooler
(01:44 / Allies) heavyweight_45: purple i hope you know what you're doing
(01:45 / Allies) heavyweight_45: oh fuck
(02:06 / All) SANTACLAUSPLUS6: Mata Ts been Cn
(02:12 / Allies) sloper: red
(02:16 / Allies) sloper: watch out
(02:18 / Allies) sloper: towers rush
(02:23 / Allies) heavyweight_45: I'll hit him
(02:25 / Allies) 1HORSEOPENSLEIG: S
(02:27 / All) 1HORSEOPENSLEIG: SKY'S RUSH
(02:34 / All) 1HORSEOPENSLEIG: FLY 2 SKY
(02:35 / Allies) sloper: check
(02:36 / Allies) sloper: now
(02:37 / All) SANTACLAUSPLUS6: fly
(02:37 / All) SANTACLAUSPLUS6: 2
(02:39 / All) SANTACLAUSPLUS6: skye
(02:40 / Allies) heavyweight_45: kk
(02:48 / Allies) sloper: wtf
(03:21 / Allies) heavyweight_45: ya i got it
(03:38 / Allies) 1HORSEOPENSLEIG: just lave it
(03:41 / Allies) 1HORSEOPENSLEIG: dont waste time
(03:43 / Allies) 1HORSEOPENSLEIG: creep up and get siege.
(04:04 / Allies) 1HORSEOPENSLEIG: actually i got siege
(04:05 / Allies) sloper: fuck yallz doing
(04:05 / Allies) SANTACLAUSPLUS6: blue get knight please
(04:06 / Allies) 1HORSEOPENSLEIG: u get knights
(04:11 / Allies) heavyweight_45: k knights it is
(04:20 / All) dunhills: all these dudes are some bot
(04:29 / All) sloper: FUCK
(04:30 / All) JingleBalls8llD: hugh
(04:32 / All) sloper: WTF
(04:46 / Allies) heavyweight_45: i'll take out red's
(04:56 / All) 1HORSEOPENSLEIG: SSHIIITH>.. MY DICKSAON FIRE
(05:16 / All) dunhills: they all have christmas in common
(05:20 / All) dunhills: all tower rushing..
(05:34 / All) 1HORSEOPENSLEIG: christmas in common.. da goose is getting fat
(05:35 / Allies) heavyweight_45: yaya im gettin defend
(05:45 / All) dunhills: that makes tons of sense faggot
(06:56 / Allies) sloper: woww
(07:01 / Allies) sloper: sucky game
(07:11 / Allies) heavyweight_45: ya i hate towering
(07:13 / Allies) SANTACLAUSPLUS6: teal
(07:16 / Allies) SANTACLAUSPLUS6: play please
(07:17 / Allies) heavyweight_45: do somethin gbaout it man
(07:18 / Allies) SANTACLAUSPLUS6: contribute
(07:24 / Allies) SANTACLAUSPLUS6: you sitting in base with l1 aurachief
(07:30 / Allies) 1HORSEOPENSLEIG: teal we all pulling our weight in this game
(07:31 / Allies) 1HORSEOPENSLEIG: except u
(07:56 / All) dunhills: yep
(11:59 / Allies) heavyweight_45: k knights coming
(12:03 / Allies) heavyweight_45: I can't even tell who's winning
(12:10 / Allies) 1HORSEOPENSLEIG: u
(13:00 / All) SANTACLAUSPLUS6: GOD TEAL
(13:01 / All) SANTACLAUSPLUS6: COME ONE
(13:47 / Allies) sloper: retard game ever
(13:54 / Allies) heavyweight_45: lol just have fun with it man
(13:59 / All) 1HORSEOPENSLEIG: on da 12th day of christmas
(14:02 / All) 1HORSEOPENSLEIG: my true love gave to me
(14:09 / All) 1HORSEOPENSLEIG: ...
(14:17 / All) heavyweight_45: A free win on battle net
(15:17 / All) 1HORSEOPENSLEIG: 5 bears roarning... 4 BMs storming, 3 nerds a-warning, 2 starfall potms.. and a Kottig In a Pear Tree
(16:00 / Allies) heavyweight_45: anyone got spare gold?
(16:09 / Allies) 1HORSEOPENSLEIG: no only 3500 must save. . . 
(16:19 / Allies) heavyweight_45: :(..
(16:28 / Allies) heavyweight_45: for real?..
(16:33 / Allies) 1HORSEOPENSLEIG: for realzies.
(16:39 / Allies) heavyweight_45: come on give me 500..
(16:42 / Allies) heavyweight_45: I could take out red
(16:44 / Allies) 1HORSEOPENSLEIG: how about
(16:48 / Allies) 1HORSEOPENSLEIG: we play a game of jeopardy
(16:49 / Allies) 1HORSEOPENSLEIG: for 500
(16:53 / Allies) heavyweight_45: deal
(17:23 / All) 1HORSEOPENSLEIG: Heavyweight_45, for 500:.. This Keeper of the Grove is renowned for having the best name in Warcraft 3.
(17:37 / All) JingleBalls8llD: who is..........bandaler.
(17:41 / All) heavyweight_45: who is.. Cenarius
(17:41 / All) 1HORSEOPENSLEIG: CORRECT
(17:43 / Allies) sloper: fuck this
(17:47 / Allies) SANTACLAUSPLUS6: teal we got this
(17:48 / All) 1HORSEOPENSLEIG: im sorry da correct answer was bandaler.
(17:51 / Allies) SANTACLAUSPLUS6: they cant touch this
(17:54 / Allies) SANTACLAUSPLUS6: im take all their expos
(18:11 / Allies) SANTACLAUSPLUS6: getting hawks
(18:14 / Allies) SANTACLAUSPLUS6: hawks will OWN
(18:19 / Allies) sloper: ehheeh
(18:26 / All) sloper: STRAIGHT NOOB
(18:37 / All) sloper: FOR RESL
(18:51 / Allies) 1HORSEOPENSLEIG: shit i think we need some AA . . .
(19:02 / Allies) SANTACLAUSPLUS6: yea i got
(19:12 / Allies) heavyweight_45: this aint lookin good chaps
(19:16 / Allies) heavyweight_45: too many towers on red's side
(19:16 / Allies) SANTACLAUSPLUS6: we got it
(19:17 / Allies) 1HORSEOPENSLEIG: we ok . 
(19:22 / Allies) SANTACLAUSPLUS6: i got WAY more
(19:24 / Allies) 1HORSEOPENSLEIG: keep ur morale high... and ur friends higher.
(19:32 / Allies) SANTACLAUSPLUS6: and ur perch, highest
(19:38 / Allies) 1HORSEOPENSLEIG:  dot ch
(19:44 / Allies) heavyweight_45: ch?
(19:54 / Allies) 1HORSEOPENSLEIG: CHZEKOSLOVAKIANCHERNENKO
(19:54 / Allies) SANTACLAUSPLUS6: confederatae helvetica
(21:03 / All) dunhills: gg
(21:32 / All) dunhills: ojs mine
(21:44 / Allies) 1HORSEOPENSLEIG: make anti-air blue
(23:26 / Allies) heavyweight_45: I'll try to get siege engines very quickly
(23:30 / Allies) heavyweight_45: but realy I think we've lost lol
(23:40 / Allies) 1HORSEOPENSLEIG: nay.. do not afear
(23:43 / Allies) SANTACLAUSPLUS6: we got it
(23:44 / Allies) 1HORSEOPENSLEIG: i am level 7.4995
(23:45 / All) dunhills: stop making fucking towers now
(23:52 / All) JingleBalls8llD: huh
(23:55 / All) Yule: i... can't...
(24:00 / Allies) heavyweight_45: could i please have resources..
(24:00 / All) dunhills: why
(25:11 / Allies) heavyweight_45: pleeeeeeease give lumber I am in dire need
(25:31 / Allies) heavyweight_45: ty
(25:32 / Allies) heavyweight_45: ty
(25:48 / Allies) heavyweight_45: my mine is almost dead
(25:58 / Allies) 1HORSEOPENSLEIG: im taking another
(26:07 / Allies) heavyweight_45: i tried that
(26:50 / Allies) heavyweight_45: wow
(26:52 / Allies) heavyweight_45: hey there pink
(27:02 / All) heavyweight_45: lol you guys ar ejokes
(27:11 / All) 1HORSEOPENSLEIG: but sir
(27:15 / All) 1HORSEOPENSLEIG: this is a legitimate strategy
(27:35 / All) heavyweight_45: i know it's just funny
(27:59 / Allies) heavyweight_45: so my mine is gone.. care to feed me some gold? my siege engines should own..
(28:08 / Allies) 1HORSEOPENSLEIG: we dont need that.
(28:35 / All) dunhills: ALL U CHRISTMAS GUYS ARE THE SAME
(29:01 / Allies) heavyweight_45: I'm sorry but bats will get demolished by towers
(29:05 / Allies) heavyweight_45: unless they're for the wyrms
(29:11 / Allies) heavyweight_45: explode!
(29:13 / Allies) heavyweight_45: now!
(29:14 / Allies) heavyweight_45: omg oj!
(29:34 / Allies) 1HORSEOPENSLEIG: i was asleep z.z.z.z.z.z.
(30:10 / Allies) heavyweight_45: so should i attack towers or what lol
(30:12 / Allies) SANTACLAUSPLUS6: nah
(30:14 / Allies) heavyweight_45: and PLEASE donate gold
(30:45 / Allies) heavyweight_45: you have so much gold PLEEEASE
(30:48 / Allies) 1HORSEOPENSLEIG: huh
(30:49 / Allies) heavyweight_45: LIKE, it's hurting me
(30:50 / Allies) 1HORSEOPENSLEIG: i need my gold.
(30:54 / Allies) SANTACLAUSPLUS6: is christmast
(30:56 / Allies) SANTACLAUSPLUS6: here u go
(30:57 / Allies) heavyweight_45: for what, exactly
(31:00 / Allies) heavyweight_45: ya it's christmas!
(31:03 / Allies) heavyweight_45: lmao
(31:04 / Allies) heavyweight_45: thanks
(31:18 / Allies) 1HORSEOPENSLEIG: tp to my base blue
(31:24 / Allies) heavyweight_45: now?
(31:27 / Allies) 1HORSEOPENSLEIG: YESSES
(31:45 / Allies) 1HORSEOPENSLEIG: omfg
(31:49 / Allies) 1HORSEOPENSLEIG: you tped to the worst spot
(31:49 / Allies) heavyweight_45: lol too slow
(31:55 / Allies) 1HORSEOPENSLEIG: you can target tps. . .
(32:09 / Allies) heavyweight_45: i know.. hook up some gold and I'll go to your big spot
(32:41 / All) dunhills: then how the fuck we gona win
(33:08 / Allies) heavyweight_45: now please
(33:09 / Allies) heavyweight_45: give
(33:10 / Allies) heavyweight_45: me
(33:10 / Allies) heavyweight_45: gold
(33:17 / Allies) 1HORSEOPENSLEIG: not a fair trade
(33:23 / Allies) 1HORSEOPENSLEIG: i ask u another jeapardy question
(33:31 / Allies) heavyweight_45: ty purp
(33:33 / Allies) heavyweight_45: ok shoot
(33:35 / All) dunhills: this is fucking ridicoulous
(33:37 / All) 1HORSEOPENSLEIG: Heavyweight_45; Music for 1000. 
(33:46 / All) heavyweight_45: ooo I love this category
(33:47 / All) 1HORSEOPENSLEIG: Which American composer composed "Rhapsody in Blue"
(33:54 / All) JingleBalls8llD: Queen.
(33:57 / All) heavyweight_45: .........Queen?
(34:02 / All) 1HORSEOPENSLEIG: OFMG U NOBS
(34:06 / All) 1HORSEOPENSLEIG: It was George Gershwin.
(34:12 / All) heavyweight_45: OH I knew that
(34:20 / All) SANTACLAUSPLUS6: Bohemian Rhapsody.............In Blue
(34:21 / All) heavyweight_45: that's atually who I meant to say
(34:25 / All) JingleBalls8llD: which american guy is sousaphone name after.
(34:35 / All) JingleBalls8llD: if u guess sousa u correct.
(34:35 / All) SANTACLAUSPLUS6: i love salsaphone
(34:39 / All) 1HORSEOPENSLEIG: John Philip Sousa
(35:04 / All) dunhills: can u stop making towers now pink and red
(35:06 / All) 1HORSEOPENSLEIG: How would you characterise the rhythm of a ragtime piece?
(35:09 / Allies) heavyweight_45: should I attack?
(35:13 / Allies) SANTACLAUSPLUS6: take this mine blue
(35:16 / Allies) SANTACLAUSPLUS6: and this
(35:35 / Allies) heavyweight_45: are you sure I shouldnt attack?
(35:42 / Allies) 1HORSEOPENSLEIG: hey... child
(35:45 / Allies) SANTACLAUSPLUS6: take the mines
(35:47 / Allies) 1HORSEOPENSLEIG: who here da pro in dis game? ;)
(35:50 / Allies) heavyweight_45: ok here I need 300 gold to finalize my upgrade of attack
(35:53 / Allies) 1HORSEOPENSLEIG: dat rite it me.
(37:05 / Allies) heavyweight_45: k well I atleast need gold to build a new hall
(37:12 / Allies) heavyweight_45: ty
(37:17 / Allies) heavyweight_45: need more
(37:18 / Allies) heavyweight_45: lol
(37:25 / Allies) 1HORSEOPENSLEIG: dont be greedy. . 
(37:31 / Allies) heavyweight_45: lmao that's ironic
(37:35 / Allies) heavyweight_45: well I only have 299
(37:41 / Allies) heavyweight_45: soo
(37:51 / Allies) heavyweight_45: ty
(38:00 / All) SANTACLAUSPLUS6: hey yellow
(38:02 / All) SANTACLAUSPLUS6: you are the worst player
(38:03 / All) 1HORSEOPENSLEIG: Hey yellow i fuck ur mather
(38:04 / All) SANTACLAUSPLUS6: i ever seen
(38:14 / All) dunhills: hey purple.
(38:16 / All) dunhills: your dead.
(38:18 / All) dunhills: stfu.
(38:22 / All) SANTACLAUSPLUS6: yea
(38:23 / All) SANTACLAUSPLUS6: right
(38:26 / All) SANTACLAUSPLUS6: i believe it when i see it
(38:27 / All) SANTACLAUSPLUS6: shitnoobe
(38:30 / All) JingleBalls8llD: when i dip u dip we dip.
(38:31 / All) SANTACLAUSPLUS6: quit now
(38:32 / All) SANTACLAUSPLUS6: shitbit
(38:36 / All) SANTACLAUSPLUS6: put yo hands on my hip
(38:49 / All) dunhills: no faggot
(39:10 / Allies) heavyweight_45: wow
(39:13 / Allies) heavyweight_45: thats sweet
(39:24 / All) dunhills: f
(39:26 / All) dunhills: fags
(39:28 / All) SANTACLAUSPLUS6: retart
(39:32 / All) Yule: T
(39:33 / All) heavyweight_45: aha!
(39:45 / Allies) SANTACLAUSPLUS6: told u blue
(39:48 / Allies) SANTACLAUSPLUS6: theys a noobs
(39:55 / Allies) heavyweight_45: you are right
(39:55 / Allies) heavyweight_45: touche
(39:56 / All) 1HORSEOPENSLEIG: ALWAYS trust da spirit of christmas xox
(39:59 / Allies) heavyweight_45: touche indeed
(40:18 / Allies) heavyweight_45: so now should I attack?
(40:38 / Allies) heavyweight_45: think I got enough tanks?
(41:03 / Allies) heavyweight_45: pleeeeeeeease give gold you're not using it please please plaes plase :(:(:(:(:(:(
(41:19 / Allies) heavyweight_45: lol ty again purple
(41:24 / All) SANTACLAUSPLUS6: hey its christmase
(41:28 / Allies) heavyweight_45: oj you have so much come on
(41:28 / All) 1HORSEOPENSLEIG: im a bit of a grouch
(41:31 / All) 1HORSEOPENSLEIG: a groucho marx if u will
(41:32 / Allies) heavyweight_45: I can tell
(41:35 / Allies) heavyweight_45: :o
(41:39 / All) SANTACLAUSPLUS6: heart two size too small
(41:52 / All) 1HORSEOPENSLEIG: my heart a -2 
(42:11 / Allies) heavyweight_45: oh hey!
(42:14 / All) 1HORSEOPENSLEIG: CARE
(42:28 / All) SANTACLAUSPLUS6: peace
(42:30 / All) SANTACLAUSPLUS6: and goodwill
(42:33 / All) 1HORSEOPENSLEIG: zooom bwahaha
(42:43 / All) SANTACLAUSPLUS6: attack
(42:50 / All) SANTACLAUSPLUS6: nah i celebreathting
(42:51 / Allies) heavyweight_45: kiniving bastards..
(43:04 / All) SANTACLAUSPLUS6: want to know a secret blue
(43:09 / All) 1HORSEOPENSLEIG: "AS HE FLEW OUT OF SIGHT, WE HEARD HIM EXCLAIM.... MERRY CHRISTMAS 2 ALL.. and 2 ALL... A GOOD _ GAME... !"
(43:15 / All) SANTACLAUSPLUS6: we were all in on it.....its a christmas miracle
(43:31 / All) heavyweight_45: :O
(43:39 / Allies) heavyweight_45: hey.. why you waitin there
(43:41 / Allies) heavyweight_45: come on
(43:45 / Allies) 1HORSEOPENSLEIG: no particular reason . . . . _ _ _ 
(43:50 / All) JingleBalls8llD: its christmas time........in the city
(43:53 / All) JingleBalls8llD: ring a ling
(43:54 / All) JingleBalls8llD: hear them ring
(43:56 / Allies) heavyweight_45: rah!
(43:57 / All) 1HORSEOPENSLEIG: CROSSWORD.... 5 letters... Ends in "L" -- means "Ideal"
(43:58 / Allies) heavyweight_45: feel my wrath!
(44:01 / All) SANTACLAUSPLUS6: ownin noobs cause htey micro is shity
(44:01 / All) JingleBalls8llD: soon it will be christmas day...
(44:26 / Allies) heavyweight_45: uh oh
(45:32 / Allies) heavyweight_45: lol com eon lets end it guys
(45:34 / All) 1HORSEOPENSLEIG: it a christmas miracel...!